[Event "Titled Tuesday Blitz November 08 Late 2022"]
[White "Capp, Stephen"]
[Black "Curtis, John"]
[WhiteFideId "2027089"]
[BlackFideId "3200256"]
[WhiteElo "2179"]
[BlackElo "2203"]
[Result "1/2-1/2"]
[Round "10"]
[TimeControl "180+1"]
[Date "2022.11.09"]
[WhiteClock "0:02:00"]
[BlackClock "0:01:29"]

1. e4 c5 2. Nc3 e6 3. f4 a6 4. a4 b6 5. Bc4 Bb7 6. Bb3 d5 7. d3 Ne7 8. Nf3 Nbc6 9. exd5 Nxd5 10. O-O Nxc3 11. bxc3 Bd6 12. f5 exf5 13. Qe1+ Kd7 14. Bxf7 Qe7 15. Ng5 Qxe1 16. Rxe1 Ne7 1/2-1/2


[Site "https://www.chess.com"]

[Event "Titled Tuesday Blitz November 08 Late 2022"]
[White "Chernomordik, Pavel"]
[Black "Young, Ryan"]
[WhiteFideId "2804530"]
[BlackFideId "2049945"]
[WhiteElo "2192"]
[BlackElo "2293"]
[Result "1-0"]
[Round "10"]
[TimeControl "180+1"]
[Date "2022.11.09"]
[WhiteClock "0:00:42"]
[BlackClock "0:00:05"]

1. e4 e5 2. Nf3 Nc6 3. Bb5 a6 4. Ba4 b5 5. Bb3 Na5 6. d4 Nxb3 7. axb3 exd4 8. Qxd4 Ne7 9. Bg5 f6 10. Bf4 Nc6 11. Qe3 d6 12. Nc3 Bb7 13. O-O-O Be7 14. Nd5 O-O 15. h4 Ne5 16. Nd4 Qd7 17. Nf5 Bd8 18. h5 c6 19. Nb6 Bxb6 20. Qxb6 Rab8 21. Rxd6 Qf7 22. Qd4 c5 23. Qd2 Bxe4 24. Ng3 Bxg2 25. Rd1 Bf3 26. Re1 c4 27. h6 g6 28. Bxe5 fxe5 29. Rd7 Qf4 30. Re3 Bc6 31. Rg7+ Kh8 32. bxc4 Qxf2 33. c5 Qxd2+ 34. Kxd2 Rbd8+ 35. Kc3 Rf3 36. Rxf3 Bxf3 37. Re7 e4 38. Nxe4 Bxe4 39. Rxe4 Kg8 40. Re7 g5 41. Rg7+ Kh8 42. Rxg5 a5 43. c6 Rc8 44. Rc5 b4+ 45. Kc4 Rc7 46. Kb5 Kg8 47. Kb6 Rc8 48. c7 b3 49. cxb3 a4 50. bxa4 Kh8 51. Rd5 Ra8 52. Rd8+ Rxd8 53. cxd8=Q# 1-0


[Site "https://www.chess.com"]

[Event "Titled Tuesday Blitz November 08 Late 2022"]
[White "Chigaev, Maksim"]
[Black "Harvey, Marcus R"]
[WhiteFideId "4108116"]
[BlackFideId "400092"]
[WhiteElo "2541"]
[BlackElo "2457"]
[Result "1-0"]
[Round "10"]
[TimeControl "180+1"]
[Date "2022.11.08"]
[WhiteClock "0:00:03"]
[BlackClock "0:00:03"]

1. Nf3 Nf6 2. c4 e6 3. g3 b6 4. Bg2 Bb7 5. O-O c5 6. Nc3 Be7 7. Re1 d5 8. cxd5 Nxd5 9. e4 Nxc3 10. bxc3 O-O 11. d4 Nc6 12. Bf4 cxd4 13. cxd4 Na5 14. Ne5 Rc8 15. d5 Bb4 16. dxe6 Bxe1 17. exf7+ Kh8 18. Qxe1 Nc4 19. Rd1 Qe7 20. Rd7 Qe6 21. Qa1 Nxe5 22. Bxe5 Rxf7 23. Bh3 Qxh3 24. Rxf7 Bxe4 25. f3 h5 26. Rxg7 Rc2 27. Rg5+ Kh7 28. Rg7+ Kh6 29. Bf4# 1-0


[Site "https://www.chess.com"]

[Event "Titled Tuesday Blitz November 08 Late 2022"]
[White "Chlpik, Martin"]
[Black "Shapiro, Daniel"]
[WhiteFideId "14923351"]
[BlackFideId "2001780"]
[WhiteElo "2109"]
[BlackElo "2278"]
[Result "1-0"]
[Round "10"]
[TimeControl "180+1"]
[Date "2022.11.09"]
[WhiteClock "0:00:34"]
[BlackClock "0:00:18"]

1. d4 Nf6 2. c4 e6 3. Nc3 Bb4 4. a3 Bxc3+ 5. bxc3 d6 6. f3 Nfd7 7. e4 e5 8. Bd3 Nc6 9. Ne2 b6 10. O-O Ba6 11. f4 O-O 12. Ng3 f6 13. c5 Bxd3 14. Qxd3 dxc5 15. d5 Na5 16. c4 c6 17. dxc6 Nb8 18. Qxd8 Rxd8 19. c7 Rc8 20. cxb8=Q Raxb8 21. fxe5 fxe5 22. Nf5 Rb7 23. Nd6 Rbc7 24. Nxc8 Rxc8 25. Bg5 Nxc4 26. Rad1 h6 27. Bc1 b5 28. Rd7 b4 29. Rff7 b3 30. Rxg7+ Kf8 31. Bxh6 b2 32. Rh7+ Kg8 33. Rdg7+ 1-0


[Site "https://www.chess.com"]

[Event "Titled Tuesday Blitz November 08 Late 2022"]
[White "D`Arruda, Ricardo D."]
[Black "Dahlgren, James Allen"]
[WhiteFideId "100692"]
[BlackFideId "22256873"]
[WhiteElo "2483"]
[BlackElo "2179"]
[Result "1-0"]
[Round "10"]
[TimeControl "180+1"]
[Date "2022.11.09"]
[WhiteClock "0:00:22"]
[BlackClock "0:00:01"]

1. Nf3 d5 2. d4 Nf6 3. g3 Bf5 4. Bg2 e6 5. O-O c5 6. c4 Nc6 7. Nc3 Be7 8. cxd5 exd5 9. dxc5 O-O 10. b3 Bxc5 11. Bb2 Be4 12. Rc1 Be7 13. Nxe4 dxe4 14. Ng5 Re8 15. Nxe4 Nxe4 16. Bxe4 Qb6 17. Bxc6 bxc6 18. Qd4 Bf6 19. Qxb6 axb6 20. Bxf6 gxf6 21. e3 c5 22. a4 Red8 23. Rfd1 Kf8 24. Kf1 Ke7 25. Ke2 Ke6 26. Rxd8 Rxd8 27. Rc4 Rb8 28. Rh4 b5 29. Rxh7 bxa4 30. bxa4 Rb4 31. Rh4 c4 32. a5 Kd5 33. Rf4 Rb2+ 34. Kd1 c3 35. a6 Ra2 36. Rxf6 Kc4 37. Rc6+ Kb3 38. Rb6+ Kc4 39. h4 Rxf2 40. a7 Ra2 41. Rb7 Kd3 42. Rd7+ Kxe3 43. Rxf7 Kd3 44. Rd7+ Ke3 45. h5 Kf3 46. h6 Kxg3 47. h7 c2+ 48. Kc1 Rxa7 49. Rxa7 1-0


[Site "https://www.chess.com"]

[Event "Titled Tuesday Blitz November 08 Late 2022"]
[White "Dubov, Daniil"]
[Black "Bortnyk, Olexandr"]
[WhiteFideId "24126055"]
[BlackFideId "14120828"]
[WhiteElo "2791"]
[BlackElo "2723"]
[Result "1/2-1/2"]
[Round "10"]
[TimeControl "180+1"]
[Date "2022.11.08"]
[WhiteClock "0:00:06"]
[BlackClock "0:00:15"]

1. d4 d6 2. Nf3 Nf6 3. Bg5 Nbd7 4. e3 g6 5. Be2 Bg7 6. O-O O-O 7. c4 Ne4 8. Bh4 c5 9. Nbd2 Nxd2 10. Qxd2 Re8 11. Rfd1 Qb6 12. h3 a5 13. Rac1 a4 14. Bd3 e5 15. dxe5 Nxe5 16. Nxe5 Bxe5 17. Rc2 Bd7 18. Be4 Bc6 19. Bd5 Bxd5 20. Qxd5 Re6 21. Rdd2 Qc6 22. Bg5 Qxd5 23. Rxd5 Ra6 24. Rd3 Rb6 25. b3 Rb4 26. Rcd2 Kg7 27. f4 Ba1 28. Kf2 f6 29. Bh4 Rb6 30. Kf3 Kf7 31. g4 h6 32. Bg3 f5 33. bxa4 Ra6 34. gxf5 gxf5 35. Rd5 Rxa4 36. Rxf5+ Rf6 37. Rxf6+ Bxf6 38. Rxd6 Rxc4 39. Rb6 Ra4 40. Rxb7+ Ke8 41. e4 Rxa2 42. e5 Ra3+ 43. Kg4 Bd8 44. Bf2 c4 45. Rb8 Kd7 46. e6+ Kc7 47. Rb4 c3 48. Rc4+ Kd6 49. Bc5+ Kd5 50. Bxa3 Kxc4 51. e7 Bxe7 52. Bxe7 Kb3 53. Bc5 Kc4 54. Be3 Kd3 55. Bc1 Kc2 56. Ba3 Kb3 57. Bc5 Kc4 58. Bb6 Kd3 59. Bc5 Kc4 1/2-1/2


[Site "https://www.chess.com"]

[Event "Titled Tuesday Blitz November 08 Late 2022"]
[White "Dudzinski, Pawel"]
[Black "Ali Abdullahi, Farah"]
[WhiteFideId "1117890"]
[BlackFideId "16100212"]
[WhiteElo "2086"]
[BlackElo "2281"]
[Result "1-0"]
[Round "10"]
[TimeControl "180+1"]
[Date "2022.11.09"]
[WhiteClock "0:00:13"]
[BlackClock "0:00:06"]

1. e4 e6 2. d3 c5 3. g3 Nc6 4. Bg2 e5 5. Nc3 d6 6. Nge2 g6 7. f4 Bg7 8. O-O Nge7 9. Nd5 O-O 10. fxe5 Nxd5 11. exd5 Nxe5 12. c3 Bf5 13. Nf4 g5 14. d4 cxd4 15. cxd4 Qb6 16. Ne2 Bg4 17. Kh1 Bxe2 18. Qxe2 Qxd4 19. Bxg5 Ng6 20. Rad1 Qxb2 21. Qxb2 Bxb2 22. Rb1 Bd4 23. Rxb7 Rae8 24. Bh6 Bg7 25. Bxg7 Kxg7 26. Rxa7 Re2 27. Bf3 Rd2 28. a4 Ne5 29. Bh5 Rxd5 30. a5 Ng6 31. Bxg6 hxg6 32. a6 Ra5 33. Kg2 Ra2+ 34. Rf2 Rxf2+ 35. Kxf2 Rd8 36. Rb7 Ra8 37. a7 Kf6 38. Ke3 Ke6 39. Kd4 f5 40. h4 Kf6 41. Kd5 g5 42. hxg5+ Kxg5 43. Kxd6 Kg4 44. Rg7+ Kf3 45. Ke5 Rf8 46. Rf7 Rxf7 47. a8=Q+ Kxg3 48. Qg8+ Kf2 49. Qxf7 f4 50. Qxf4+ Ke2 51. Qg3 Kd2 52. Qf3 Kc2 53. Qa3 1-0


[Site "https://www.chess.com"]

[Event "Titled Tuesday Blitz November 08 Late 2022"]
[White "Estrada Nieto, Julian"]
[Black "Liu, Kelsey"]
[WhiteFideId "5101018"]
[BlackFideId "30944481"]
[WhiteElo "2221"]
[BlackElo "2345"]
[Result "1-0"]
[Round "10"]
[TimeControl "180+1"]
[Date "2022.11.09"]
[WhiteClock "0:00:53"]
[BlackClock "0:00:02"]

1. e4 c5 2. Nf3 e6 3. c3 Nf6 4. e5 Nd5 5. Bc4 Nb6 6. Bb3 c4 7. Bc2 Nc6 8. d4 cxd3 9. Qxd3 d6 10. exd6 Bxd6 11. O-O Bc7 12. Qe2 Bd7 13. Na3 a6 14. Bg5 f6 15. Bd2 Qe7 16. Rfe1 O-O-O 17. Bb3 e5 18. Nc4 Nxc4 19. Bxc4 Bg4 20. Rad1 Rde8 21. Bd5 f5 22. Bxc6 bxc6 23. Qxa6+ Kb8 24. Be3 Bd6 25. Qxc6 e4 26. Rxd6 exf3 27. Rd7 1-0


[Site "https://www.chess.com"]

[Event "Titled Tuesday Blitz November 08 Late 2022"]
[White "Ezat, Mohamed"]
[Black "Vlassov, Nikolai"]
[WhiteFideId "10600906"]
[BlackFideId "4103360"]
[WhiteElo "2386"]
[BlackElo "2324"]
[Result "1-0"]
[Round "10"]
[TimeControl "180+1"]
[Date "2022.11.09"]
[WhiteClock "0:01:21"]
[BlackClock "0:01:06"]

1. d4 Nf6 2. c4 Nc6 3. Nf3 e6 4. Nc3 Bb4 5. Qc2 d6 6. e3 O-O 7. a3 Bxc3+ 8. Qxc3 a5 9. b3 Qe7 10. Bb2 Re8 11. O-O-O e5 12. Be2 Bg4 13. d5 Nb8 14. Qc2 Nbd7 15. Nh4 Bxe2 16. Qxe2 Nc5 17. Qc2 Nfe4 18. Nf5 Qg5 19. g4 g6 20. h4 Qf6 21. Nh6+ Kg7 22. f4 Qe7 23. g5 f6 24. h5 Ng3 25. hxg6 Nxh1 26. Nf5+ Kf8 27. Nxe7 Rxe7 28. gxf6 1-0


[Site "https://www.chess.com"]

[Event "Titled Tuesday Blitz November 08 Late 2022"]
[White "Fernandez De La Vara, Arnaldo"]
[Black "Veiga, Jose Francisco R P Neves"]
[WhiteFideId "3518388"]
[BlackFideId "1930087"]
[WhiteElo "2387"]
[BlackElo "2320"]
[Result "0-1"]
[Round "10"]
[TimeControl "180+1"]
[Date "2022.11.08"]
[WhiteClock "0:00:01"]
[BlackClock "0:00:38"]

1. Nf3 Nf6 2. g3 g6 3. b3 Bg7 4. Bb2 O-O 5. Bg2 c5 6. c4 Nc6 7. O-O d5 8. cxd5 Nxd5 9. Bxg7 Kxg7 10. d4 Ndb4 11. a3 Na6 12. d5 Ncb8 13. Nc3 Nc7 14. Nd2 e6 15. Nc4 exd5 16. Nxd5 Nc6 17. Rc1 Be6 18. Nxc7 Qxc7 19. Qd6 Qxd6 20. Nxd6 Nd4 21. Rxc5 Nxe2+ 22. Kh1 Nd4 23. b4 b6 24. Rc7 Rad8 25. Nb7 Nb5 26. Nxd8 Nxc7 27. Nxe6+ Nxe6 28. Rc1 Rd8 29. Be4 Rd2 30. Kg2 h5 31. h4 Ra2 32. Rc3 Kf6 33. Bd5 Ra1 34. Kf3 Ke5 35. Bc4 Nd4+ 36. Kg2 f5 37. Re3+ Kf6 38. Rd3 Ke5 39. Re3+ Kf6 40. f4 a5 41. Rd3 Nc2 42. Rd6+ Kg7 43. Rd7+ Kh8 44. bxa5 Ne3+ 45. Kf3 Nxc4 46. a6 Rxa3+ 47. Kf2 Rxa6 0-1


[Site "https://www.chess.com"]

[Event "Titled Tuesday Blitz November 08 Late 2022"]
[White "Fernandez Guillen, Ernesto J."]
[Black "Makarian, Rudik"]
[WhiteFideId "3512428"]
[BlackFideId "44105681"]
[WhiteElo "2450"]
[BlackElo "2423"]
[Result "1-0"]
[Round "10"]
[TimeControl "180+1"]
[Date "2022.11.08"]
[WhiteClock "0:00:03"]
[BlackClock "0:00:14"]

1. e4 d6 2. d4 Nf6 3. Nc3 e5 4. dxe5 dxe5 5. Qxd8+ Kxd8 6. Bg5 Nd7 7. O-O-O Bd6 8. f4 Ke8 9. Nf3 Ng4 10. fxe5 Ndxe5 11. Nxe5 Nxe5 12. Nb5 f6 13. Nxd6+ cxd6 14. Bd2 Ke7 15. Bb4 Rd8 16. h3 Be6 17. b3 a5 18. Ba3 Rac8 19. Bb5 Bf7 20. Rd2 Be8 21. Bxe8 Kxe8 22. Bxd6 Nc6 23. Rhd1 Kf7 24. Bf4 Rxd2 25. Rxd2 Ke6 26. Kb2 h5 27. Rd6+ Ke7 28. a3 g5 29. Bh2 h4 30. Rd5 Ke6 31. c4 Re8 32. Kc3 Re7 33. b4 axb4+ 34. axb4 Kf7 35. b5 Na7 36. Kd4 Nc8 37. c5 Na7 38. b6 Nc6+ 39. Ke3 Kg6 40. Bd6 Re6 41. Kf3 Nb4 42. Rd4 Nc6 43. Ra4 f5 44. exf5+ Kxf5 45. Ra8 Nd4+ 46. Kf2 Re2+ 47. Kf1 Rb2 48. Rb8 Ke4 49. Rxb7 Rb1+ 50. Kf2 Rb2+ 51. Kg1 g4 52. hxg4 h3 53. Re7+ Kd5 54. b7 Rxg2+ 55. Kh1 Nf3 56. Re1 Nxe1 57. b8=Q Kd4 58. Qb4+ Kd3 59. Qxe1 Re2 60. Qxe2+ Kxe2 61. c6 1-0


[Site "https://www.chess.com"]

[Event "Titled Tuesday Blitz November 08 Late 2022"]
[White "Fier, Alexandr"]
[Black "Kollars, Dmitrij"]
[WhiteFideId "2107139"]
[BlackFideId "12909572"]
[WhiteElo "2617"]
[BlackElo "2584"]
[Result "0-1"]
[Round "10"]
[TimeControl "180+1"]
[Date "2022.11.08"]
[WhiteClock "0:01:39"]
[BlackClock "0:01:07"]

1. c4 e5 2. Nc3 Nf6 3. Nf3 Nc6 4. e3 Bb4 5. Qc2 Bxc3 6. Qxc3 Qe7 7. d4 e4 8. Nd2 d5 9. b3 h5 10. h3 h4 11. Be2 Be6 12. Bb2 a5 13. a3 O-O 14. Rc1 Nb8 15. cxd5 Nxd5 16. Qc5 Qg5 17. O-O Bxh3 18. g3 hxg3 19. f4 Qh4 20. Qxd5 Bg4 0-1


[Site "https://www.chess.com"]

[Event "Titled Tuesday Blitz November 08 Late 2022"]
[White "Fiol, Fabrice"]
[Black "Jorquera, Marcelo"]
[WhiteFideId "611670"]
[BlackFideId "3401197"]
[WhiteElo "2447"]
[BlackElo "2136"]
[Result "0-1"]
[Round "10"]
[TimeControl "180+1"]
[Date "2022.11.09"]
[WhiteClock "0:01:37"]
[BlackClock "0:01:27"]

1. e4 d5 2. exd5 Qxd5 3. Nf3 Bg4 4. Be2 Nc6 5. d4 O-O-O 6. c4 Qd7 7. d5 Bxf3 8. gxf3 Ne5 9. f4 Ng6 10. Nc3 Nf6 11. Be3 e6 12. Bf3 Bb4 13. Rc1 exd5 14. cxd5 Nxd5 15. Qb3 Nxe3 16. Qxb4 Qd2# 0-1


[Site "https://www.chess.com"]

[Event "Titled Tuesday Blitz November 08 Late 2022"]
[White "Forgacs, Attila Jr."]
[Black "Gonzalez, Francisco Silva"]
[WhiteFideId "773654"]
[BlackFideId "1512285"]
[WhiteElo "2168"]
[BlackElo "2159"]
[Result "1-0"]
[Round "10"]
[TimeControl "180+1"]
[Date "2022.11.09"]
[WhiteClock "0:01:13"]
[BlackClock "0:00:35"]

1. e4 e5 2. Nf3 Nc6 3. Bb5 a6 4. Ba4 Nf6 5. O-O b5 6. Bb3 Bc5 7. a4 Rb8 8. axb5 axb5 9. Nxe5 Nxe5 10. d4 Bxd4 11. Qxd4 d6 12. Bg5 c5 13. Qe3 c4 14. Ba2 Neg4 15. Qd4 O-O 16. Nc3 h6 17. Bh4 Qb6 18. Qxb6 Rxb6 19. h3 g5 20. hxg4 gxh4 21. f3 Be6 22. Bb1 b4 23. Ne2 d5 24. e5 Nd7 25. f4 Bxg4 26. Nd4 Nc5 27. Ra5 Rc8 28. f5 h5 29. c3 bxc3 30. bxc3 Rb2 31. f6 Rd2 32. Nf5 Bxf5 33. Bxf5 Nb7 34. Rb5 Rc7 35. Rfb1 h3 36. gxh3 d4 37. Rxb7 Rd1+ 38. Rxd1 Rxb7 39. Rxd4 Rb8 40. Rd7 h4 41. e6 fxe6 42. Bxe6+ Kh8 43. Bf5 Kg8 44. Rh7 Rb3 45. f7+ Kf8 46. Be6 Ke7 47. Rh8 Kxe6 48. f8=Q Rb1+ 49. Kf2 Rb8 50. Qxb8 Kf5 51. Qb5+ Ke4 52. Re8+ 1-0


[Site "https://www.chess.com"]

[Event "Titled Tuesday Blitz November 08 Late 2022"]
[White "Gardezi, Arsal"]
[Black "Floresvillar Gonzalez, Luis Migu"]
[WhiteFideId "30949521"]
[BlackFideId "5100542"]
[WhiteElo "1906"]
[BlackElo "2040"]
[Result "1-0"]
[Round "10"]
[TimeControl "180+1"]
[Date "2022.11.09"]
[WhiteClock "0:01:29"]
[BlackClock "0:00:22"]

1. e4 c6 2. d4 d5 3. e5 Bf5 4. Bd3 Bxd3 5. Qxd3 e6 6. c3 c5 7. Nf3 Nc6 8. O-O Qb6 9. Nbd2 cxd4 10. cxd4 Nge7 11. Nb3 Nf5 12. Bd2 Be7 13. Rac1 O-O 14. a4 a6 15. a5 Qa7 16. Nc5 Rac8 17. Nd7 Rfd8 18. Nb6 Rc7 19. g4 Nh4 20. Nxh4 Bxh4 21. g5 Nxa5 22. Bxa5 Rxc1 23. Rxc1 Bxg5 24. Rc7 Qb8 25. Nd7 Qa7 26. Bb6 Qa8 27. Nc5 Rc8 28. Rd7 Rc6 29. Qf3 Qf8 30. Rxb7 h6 31. Nd7 Qc8 32. Rb8 Qxb8 33. Nxb8 Rxb6 34. Nd7 Rxb2 35. Qa3 Rd2 36. Qf8+ Kh7 37. Qxf7 Rxd4 38. Nf8+ Kh8 39. Nxe6 a5 40. Qxg7# 1-0


[Site "https://www.chess.com"]

[Event "Titled Tuesday Blitz November 08 Late 2022"]
[White "Gasparyan, David"]
[Black "Arbunic Castro, Giovanna"]
[WhiteFideId "13311980"]
[BlackFideId "3400549"]
[WhiteElo "2269"]
[BlackElo "1884"]
[Result "1-0"]
[Round "10"]
[TimeControl "180+1"]
[Date "2022.11.09"]
[WhiteClock "0:01:00"]
[BlackClock "0:00:02"]

1. c4 Nf6 2. Nf3 g6 3. d4 Bg7 4. Nc3 d6 5. e4 O-O 6. Be2 e5 7. Be3 exd4 8. Nxd4 Re8 9. Qc2 Nbd7 10. O-O Nc5 11. f3 c6 12. b4 Ne6 13. Rfd1 Qb6 14. Nf5 Qxb4 15. Nxg7 Kxg7 16. Rab1 Qa5 17. Rxd6 Qe5 18. Rbd1 Nf4 19. Bf1 Qg5 20. Kh1 N6h5 21. Qb2 f6 22. g3 Nxg3+ 23. hxg3 Qxg3 24. Qf2 Qg5 25. Qh2 Qa5 26. Qxf4 Qxc3 27. Bd4 Qc2 28. Qxf6+ 1-0


[Site "https://www.chess.com"]

[Event "Titled Tuesday Blitz November 08 Late 2022"]
[White "Guimaraes, Marcelo Cunha"]
[Black "Thomas, Anysia"]
[WhiteFideId "2118068"]
[BlackFideId "670472"]
[WhiteElo "2108"]
[BlackElo "2069"]
[Result "0-1"]
[Round "10"]
[TimeControl "180+1"]
[Date "2022.11.09"]
[WhiteClock "0:00:05"]
[BlackClock "0:00:02"]

1. e4 c5 2. Nf3 g6 3. d4 cxd4 4. Nxd4 Nc6 5. Nc3 Bg7 6. Be3 Nf6 7. Bc4 O-O 8. Bb3 a5 9. O-O a4 10. Nxa4 Nxe4 11. c4 d6 12. Nb5 Be6 13. Qe2 Ra6 14. Rfd1 Nf6 15. Nc5 Ra8 16. Nxe6 fxe6 17. Bg5 Qc8 18. Re1 Ne5 19. f4 Qc5+ 20. Kh1 Nfg4 21. Rf1 Rf7 22. fxe5 Nf2+ 23. Rxf2 Rxf2 24. Qe3 Bxe5 25. Qxc5 dxc5 26. Bxe7 Bxb2 27. Re1 b6 28. Bh4 Rf5 29. Bg3 Raf8 30. h3 Rf1+ 31. Rxf1 Rxf1+ 32. Kh2 Bc1 33. Bc7 Be3 34. Nc3 Bg1+ 35. Kg3 Bd4 36. Ne2 Re1 37. Nf4 Re3+ 38. Kh2 Re4 39. Kg3 Kf7 0-1


[Site "https://www.chess.com"]

[Event "Titled Tuesday Blitz November 08 Late 2022"]
[White "Janaszak, Dawid"]
[Black "Sargsyan, Anna M."]
[WhiteFideId "1119206"]
[BlackFideId "13308130"]
[WhiteElo "2226"]
[BlackElo "2284"]
[Result "1-0"]
[Round "10"]
[TimeControl "180+1"]
[Date "2022.11.09"]
[WhiteClock "0:00:11"]
[BlackClock "0:00:08"]

1. d4 Nf6 2. Bf4 g6 3. Nf3 Bg7 4. c3 O-O 5. Nbd2 d5 6. e3 Bg4 7. h3 Bxf3 8. Nxf3 c6 9. Qb3 Qc8 10. Be2 Nbd7 11. O-O Re8 12. c4 e6 13. Rac1 Ne4 14. Rfd1 Nb6 15. cxd5 exd5 16. Nd2 Nxd2 17. Rxd2 Qe6 18. a4 Qd7 19. a5 Nc8 20. Bg4 f5 21. Be2 a6 22. Bd3 Re6 23. Kh1 Nd6 24. Bh2 Ne4 25. Rdc2 Rf8 26. Qb4 Bh6 27. Be5 f4 28. Bxe4 dxe4 29. Qb3 fxe3 30. fxe3 Bg7 31. Bf4 h6 32. Rd1 g5 33. Bg3 Rf5 34. Rc5 Rxc5 35. dxc5 Qf7 36. Rd8+ Kh7 37. Kg1 Re7 38. Qxf7 Rxf7 39. b4 Bc3 40. Re8 Bxb4 41. Bd6 Bxa5 42. Rxe4 Bc3 43. Re8 a5 44. e4 a4 45. Ra8 Bd4+ 46. Kh2 Rf1 47. Rxa4 Bg1+ 48. Kg3 h5 49. h4 Bf2+ 50. Kf3 gxh4 51. Ke2 Re1+ 52. Kxf2 Rd1 53. Rb4 Kg6 54. Rxb7 Rd2+ 55. Kf3 Rd3+ 56. Kf4 Rd2 57. Kf3 Rd3+ 58. Kf2 Rd2+ 59. Kg1 Rd1+ 60. Kh2 Re1 61. e5 Re2 62. Rb8 Re3 63. Rf8 Kg5 64. Rg8+ Kf5 65. Rf8+ Ke6 66. Rf3 Re2 67. Rf4 h3 68. Kxh3 Kd5 69. Rh4 Re3+ 70. g3 Re1 71. Rxh5 Ke6 72. Kg4 Re4+ 73. Kg5 Re3 74. g4 Kd5 75. Rh6 Re1 76. Kg6 Rg1 77. g5 Ke6 78. Rh8 Kd5 79. Rf8 Rg2 80. Rf6 Rg1 81. e6 Re1 82. e7 1-0


[Site "https://www.chess.com"]

[Event "Titled Tuesday Blitz November 08 Late 2022"]
[White "Jobava, Baadur"]
[Black "Baskakov, Egor"]
[WhiteFideId "13601520"]
[BlackFideId "24197866"]
[WhiteElo "2582"]
[BlackElo "2211"]
[Result "1-0"]
[Round "10"]
[TimeControl "180+1"]
[Date "2022.11.08"]
[WhiteClock "0:01:07"]
[BlackClock "0:00:34"]

1. b3 Nf6 2. Bb2 e6 3. g3 Be7 4. Bg2 O-O 5. c4 d5 6. Nf3 c5 7. O-O Nc6 8. cxd5 Nxd5 9. Nc3 Bf6 10. Rc1 b6 11. Qc2 Bb7 12. Nxd5 exd5 13. d4 Nxd4 14. Nxd4 cxd4 15. Qd3 Re8 16. Rc2 Re4 17. Rfc1 Qe8 18. Rc7 Rxe2 19. Rxb7 Rxb2 20. Bxd5 Kh8 21. Bxf7 Qe5 22. Rxa7 Rd8 23. Rd1 Rf8 24. a4 Qc5 25. Rd7 Rc2 26. Rd5 Qc7 27. Qxh7+ 1-0


[Site "https://www.chess.com"]

[Event "Titled Tuesday Blitz November 08 Late 2022"]
[White "Kaganskiy, Gleb"]
[Black "Adel, Sara"]
[WhiteFideId "4132025"]
[BlackFideId "10616764"]
[WhiteElo "2165"]
[BlackElo "1994"]
[Result "0-1"]
[Round "10"]
[TimeControl "180+1"]
[Date "2022.11.09"]
[WhiteClock "0:00:27"]
[BlackClock "0:00:22"]

1. e4 c6 2. c4 d5 3. exd5 cxd5 4. cxd5 Nf6 5. Qa4+ Bd7 6. Qb3 g6 7. Nc3 Qc8 8. Nf3 Bg7 9. Bc4 O-O 10. O-O Na6 11. d4 Nc7 12. Ne5 a6 13. Nxd7 Qxd7 14. Qxb7 Rab8 15. Qc6 Rfc8 16. Qxd7 Nxd7 17. Re1 Kf8 18. Bg5 f6 19. Bf4 Rxb2 20. d6 e5 21. dxe5 fxe5 22. Bg5 Nb5 23. Bxb5 axb5 24. Be7+ Kf7 25. Ne4 Rcc2 26. a4 bxa4 27. Rxa4 Ke6 28. Ng5+ Kd5 29. Ra5+ Kc6 30. Nxh7 Rxf2 31. Ra7 Rxg2+ 32. Kh1 Rxh2+ 33. Kg1 e4 34. Rc1+ Kd5 35. Rxd7 Bd4+ 36. Kf1 Rh1# 0-1


[Site "https://www.chess.com"]

[Event "Titled Tuesday Blitz November 08 Late 2022"]
[White "Kamsky, Gata"]
[Black "Terry, Renato"]
[WhiteFideId "2000024"]
[BlackFideId "3803457"]
[WhiteElo "2666"]
[BlackElo "2577"]
[Result "1-0"]
[Round "10"]
[TimeControl "180+1"]
[Date "2022.11.08"]
[WhiteClock "0:00:29"]
[BlackClock "0:00:25"]

1. e4 g6 2. d4 Bg7 3. c4 d6 4. Nc3 Nd7 5. Nf3 e5 6. d5 Nh6 7. Bd3 O-O 8. h4 f5 9. Bg5 Nf6 10. h5 Nf7 11. Bxf6 Qxf6 12. hxg6 hxg6 13. Qd2 f4 14. O-O-O Bd7 15. Be2 Ng5 16. Nxg5 Qxg5 17. Bf3 Kf7 18. Kb1 b6 19. Nb5 Rfc8 20. Rh7 a6 21. Na3 Rh8 22. Rhh1 Bf6 23. Nc2 a5 24. Na3 Rag8 25. c5 dxc5 26. d6 c6 27. Nc4 Rb8 28. Rxh8 Bxh8 29. Rh1 Bg7 30. a4 Be6 31. Qd3 Qd8 32. Rh7 Qf6 33. d7 Bxc4 34. Qxc4+ Ke7 35. Bg4 Qf7 36. Rxg7 Qxg7 37. Qe6+ Kd8 38. Qe8+ 1-0


[Site "https://www.chess.com"]

[Event "Titled Tuesday Blitz November 08 Late 2022"]
[White "Kaplan, Avi Harrison"]
[Black "chess50years"]
[WhiteFideId "30934559"]
[WhiteElo "1983"]
[BlackElo "2140"]
[Result "1/2-1/2"]
[Round "10"]
[TimeControl "180+1"]
[Date "2022.11.09"]
[WhiteClock "0:00:05"]
[BlackClock "0:00:09"]

1. d4 Nf6 2. c4 e6 3. Nc3 Bb4 4. Bd2 O-O 5. Nf3 d5 6. e3 Bxc3 7. Bxc3 Ne4 8. Rc1 Nxc3 9. Rxc3 c6 10. c5 b6 11. Bd3 bxc5 12. Rxc5 Qb6 13. Qc2 h6 14. O-O Ba6 15. Bxa6 Qxa6 16. a3 Rc8 17. Rc1 Nd7 18. Rxc6 Rxc6 19. Qxc6 Qxc6 20. Rxc6 Rb8 21. Rc2 Nb6 22. Ne5 f6 23. Nc6 Rb7 24. Nd8 Re7 25. Kf1 e5 26. dxe5 fxe5 27. Nc6 Rc7 28. Nd4 Nc4 29. Nf3 Nxe3+ 30. fxe3 Rxc2 31. b4 e4 32. Nd4 Ra2 33. Nc6 a6 34. Ne7+ Kf7 35. Nxd5 Rxa3 36. Nc7 Rxe3 37. Nxa6 Rb3 38. Ke2 Kf6 39. Nc7 Ke5 40. b5 g5 41. Kd2 h5 42. Kc2 Ra3 43. b6 Ra2+ 44. Kb3 Ra1 45. Kb2 Ra4 46. Kb3 Ra1 47. Kb2 Ra4 48. Kc3 Ra1 49. Kc2 Ra4 50. Kb3 Ra1 1/2-1/2


[Site "https://www.chess.com"]

[Event "Titled Tuesday Blitz November 08 Late 2022"]
[White "Kavutskiy, Konstantin"]
[Black "Do Nascimento,Christian Almeida"]
[WhiteFideId "2026384"]
[BlackFideId "2143801"]
[WhiteElo "2338"]
[BlackElo "2079"]
[Result "1-0"]
[Round "10"]
[TimeControl "180+1"]
[Date "2022.11.09"]
[WhiteClock "0:00:52"]
[BlackClock "0:00:06"]

1. d4 Nf6 2. c4 g6 3. Nc3 d6 4. e4 Bg7 5. h3 O-O 6. Be3 e5 7. d5 a5 8. g4 Na6 9. Nge2 Ne8 10. Ng3 f5 11. gxf5 gxf5 12. exf5 Bxf5 13. h4 Qf6 14. Nxf5 Qxf5 15. Bh3 Qf3 16. Be6+ Kh8 17. Qxf3 Rxf3 18. Ke2 Rf8 19. Rag1 b6 20. h5 Nc5 21. h6 Bf6 22. Rg4 Nxe6 23. dxe6 Rg8 24. Rhg1 Rxg4 25. Rxg4 c6 26. b3 Nc7 27. Ne4 Be7 28. Bg5 Bxg5 29. Nxg5 Kg8 30. Nf7+ Kf8 31. Rg7 Nxe6 32. Rxh7 Ra7 33. Rh8+ Ke7 34. Ke3 a4 35. h7 Kxf7 36. Rb8 axb3 37. axb3 1-0


[Site "https://www.chess.com"]

[Event "Titled Tuesday Blitz November 08 Late 2022"]
[White "Khandelwal, Ankush"]
[Black "Harish, Neeraj"]
[WhiteFideId "413470"]
[BlackFideId "30958130"]
[WhiteElo "2271"]
[BlackElo "1815"]
[Result "1-0"]
[Round "10"]
[TimeControl "180+1"]
[Date "2022.11.09"]
[WhiteClock "0:01:10"]
[BlackClock "0:00:38"]

1. e4 c5 2. Nf3 Nc6 3. d4 cxd4 4. Nxd4 Nf6 5. Nc3 e5 6. Ndb5 d6 7. Bg5 a6 8. Na3 b5 9. Bxf6 gxf6 10. Nd5 f5 11. g3 fxe4 12. Bg2 Be6 13. Bxe4 Bg7 14. Qh5 h6 15. Nf6+ Bxf6 16. Bxc6+ Ke7 17. Bxa8 Qxa8 18. O-O-O b4 19. Nb1 Bxa2 20. Nd2 a5 21. Rhe1 Be6 22. Ne4 b3 23. Rxd6 a4 24. Nxf6 Kxd6 25. Qxe5+ Ke7 26. Ne4 Qc6 27. Qf6+ Kd7 28. Rd1+ Kc7 29. Qe5+ Kc8 30. Qxh8+ Kb7 31. Nd6+ Ka7 32. Qd4+ Ka8 33. Qc3 Qxc3 34. bxc3 a3 35. cxb3 Bxb3 36. Rd4 a2 37. Kb2 Be6 38. c4 Ka7 39. Kxa2 Kb6 40. Kb3 Kc5 41. Kc3 Bf5 42. Nxf5 1-0


[Site "https://www.chess.com"]